 Dungeon Crawl Stone Soup version 0.27-a0-1555-g0e7b3fb1d2 (webtiles) character file.

Game seed: 300820967356797156

676 truemonolith the Martial Artist (level 7, -1/60 HPs)
             Began as a Yellow Draconian Monk on July 14, 2021.
             Slain by a gnoll (6 damage)
             ... on level 5 of the Dungeon.
             The game lasted 00:08:57 (5334 turns).

truemonolith the Martial Artist (DrMo)              Turns: 5334, Time: 00:08:57

Health: -1/60      AC:  7    Str: 13    XL:     7   Next: 33%
Magic:  7/7        EV: 13    Int: 16    God:
Gold:   184        SH:  0    Dex: 16    Spells: 6/6 levels left

rFire    . . .     SeeInvis .     - Unarmed
rCold    . . .     Faith    .   (no shield)
rNeg     . . .     Spirit   .   (armour unavailable)
rPois    .         Reflect  .   (helmet restricted)
rElec    .         Harm     .   a - +0 cloak
rCorr    +         Rampage  .   (no gloves)
Will     .....                  (no boots)
Stlth    ++........             (no amulet)
HPRegen  0.20/turn              t - +6 ring of intelligence
MPRegen  0.10/turn              (no ring)

@: brilliant, lethally poisoned (-1 -> -3)
A: spit acid, AC +6, unfitting armour, cold-blooded, acid resistance
a: Breathe Acid


You were on level 5 of the Dungeon.
You visited 1 branch of the dungeon, and saw 5 of its levels.

You collected 184 gold pieces.

Inventory:

Missiles
 e - 7 curare-tipped darts (quivered)
Armour
 a - a +0 cloak (worn)
Jewellery
 m - a ring of magical power
 t - a +6 ring of intelligence (left hand)
Wands
 h - a wand of flame (12)
Scrolls
 b - a scroll of summoning {unknown}
 c - a scroll of magic mapping {unknown}
 d - 2 scrolls of identify {unknown}
 g - 2 scrolls of noise {unknown}
 l - 2 scrolls of fear {unknown}
 n - 2 scrolls of enchant weapon {unknown}
 p - a scroll of teleportation {unknown}
 r - a scroll of immolation {unknown}
Potions
 f - a potion of cancellation {unknown}
 i - a potion of mutation {unknown}
 j - a potion of ambrosia {unknown}
 o - a potion of brilliance
 q - a potion of attraction {unknown}
 s - a potion of berserk rage {unknown}


   Skills:
 + Level 4.6 Fighting
 - Level 2.6 Dodging
 - Level 1.7 Stealth
 - Level 8.1 Unarmed Combat


You had 6 spell levels left.
You didn't know any spells.
Your spell library was empty.

Dungeon Overview and Level Annotations

Branches:
Dungeon (5/15)             Temple (0/1) D:4

Altars:
Elyvilon
Hepliaklqana
Nemelex Xobeh
Yredelemnul
The Shining One

Shops:
D:3 ?   D:5 ?

Annotations:
D:4 1 runed translucent door


Innate Abilities, Weirdness & Mutations

You can spit globs of acid.
Your golden yellow scales are hard. (AC +6)
You cannot fit into any form of body armour.
You are cold-blooded and may be slowed by cold attacks.
You are resistant to acid. (rCorr)


Message History

You feel sick. The gnoll hits you but does no damage.
You are lethally poisoned!
The gnoll barely misses you.
It was a potion of brilliance.
You feel clever all of a sudden.
* * * LOW HITPOINT WARNING * * *
You feel very sick. The gnoll hits you but does no damage.
You are more poisoned.
The gnoll closely misses you.
You feel better. The gnoll misses you. The gnoll completely misses you.
You punch the gnoll!
The gnoll is severely wounded.
The gnoll hits you from afar with a +0 halberd of venom.
* * * LOW HITPOINT WARNING * * *
You are poisoned.
The gnoll misses you.
You hit the gnoll but do no damage.
The gnoll is severely wounded.
You feel sick. The gnoll closely misses you. x2
You hit the gnoll.
Your tail-slap misses the gnoll.
The gnoll is almost dead.
You feel sick. The gnoll closely misses you.
The gnoll hits you but does no damage.
You hit the gnoll.
You kill the gnoll!
You feel sick. The gnoll barely misses you. The hound barely misses you.
You punch the hound!
The hound is heavily wounded.
You feel sick. The hound misses you.
You punch the hound!
You kill the hound!
The gnoll barely misses you.
Found a scroll labelled RILEIF PIPI.
Found Puni's Magic Scroll Emporium.
You feel sick. The gnoll misses you.
Things that are here:
a +0 whip; a +0 spear; a gnoll corpse You closely miss the gnoll.
Your tail-slap misses the gnoll.
You feel sick.
The gnoll hits you with a +0 halberd of venom.
You die...

# .. .# ###.# .#
......############.#
#..@)..........#
.8....g###.....##..#
#. #.#.#..
#...).....# #.
∩.8...
#.....##.#####. #
#.#..
##...###)##....
8....#
##.####.##.##.
#.#.#. #.# #..##.##.
.. ..?
####.###.###.##.
#[.....÷........


You could see a gnoll.

Vanquished Creatures
  A black bear (D:4)
  An ogre (D:4)
  A centaur (D:5)
  A scorpion (D:3)
  A water moccasin skeleton (D:4)
  2 hounds
  Natasha (thrice) (D:2)
  Robin (D:3)
  3 gnolls (D:5)
  4 adders
  A shadow imp (D:3)
  A white imp (D:4)
  An adder skeleton (D:4)
  2 worms (D:2)
  3 dart slugs
  3 orcs
  7 ball pythons
  5 bats
  8 endoplasms
  4 giant cockroaches
  14 goblins
  6 hobgoblins
  7 jackals
  2 quokkas
  4 frilled lizards
  4 kobolds
  5 rats
95 creatures vanquished.

Notes
Turn   | Place    | Note
-------+----------+-------------------------------------------
     0 | D:1      | truemonolith the Draconian Monk began the quest for the
                  | Orb.
     0 | D:1      | Reached XP level 1. HP: 19/19 MP: 1/1
   177 | D:1      | Reached XP level 2. HP: 25/26 MP: 2/2
   451 | D:1      | Reached skill level 4 in Unarmed Combat
   822 | D:2      | Found a faded altar of an unknown god.
   856 | D:2      | Reached XP level 3. HP: 26/31 MP: 3/3
  1538 | D:2      | Noticed Natasha
  1546 | D:2      | Killed Natasha
  1547 | D:2      | Reached skill level 5 in Unarmed Combat
  1547 | D:2      | Reached XP level 4. HP: 22/38 MP: 4/4
  2190 | D:2      | Noticed Natasha
  2198 | D:2      | Killed Natasha
  2571 | D:3      | Noticed Robin
  2896 | D:2      | Noticed Natasha
  2906 | D:2      | Killed Natasha
  2907 | D:2      | Reached XP level 5. HP: 42/45 MP: 5/5
  2998 | D:3      | Killed Robin
  2999 | D:3      | Reached skill level 6 in Unarmed Combat
  3549 | D:3      | Found a glowing golden altar of the Shining One.
  3549 | D:3      | Found a hazy altar of Hepliaklqana.
  3694 | D:3      | Found a sparkling altar of Nemelex Xobeh.
  3716 | D:3      | Found Tirig Zof's Magic Scroll Shop.
  3892 | D:4      | Reached XP level 6. HP: 40/51 MP: 6/6
  4011 | D:4      | Reached skill level 7 in Unarmed Combat
  4214 | D:4      | Found a white marble altar of Elyvilon.
  4341 | D:4      | Found a runed translucent door.
  4341 | D:4      | Noticed a human
  4538 | D:4      | Found a basalt altar of Yredelemnul.
  4694 | D:4      | Found a staircase to the Ecumenical Temple.
  4808 | D:4      | Reached skill level 8 in Unarmed Combat
  4808 | D:4      | Your scales start taking on a golden yellow colour.
  4808 | D:4      | Reached XP level 7. HP: 55/57 MP: 7/7
  4808 | D:4      | Gained mutation: You are resistant to acid. (rCorr) [Yellow
                  | Draconian growth]
  5000 | D:5      | Entered Level 5 of the Dungeon
  5333 | D:5      | Found Puni's Magic Scroll Emporium.
  5334 | D:5      | Slain by a gnoll

Illustrated notes

Levels and vault maps discovered:
D:1:      lemuel_arrival_rhombus, layout_loops_ring,
          hangedman_decor_clover_reticule, minmay_heptomino_w4
D:2:      layout_loops_corners, serial_rivers, chequers_serial_rivers_micro_e,
          chequers_serial_rivers_micro_e, chequers_serial_rivers_micro_a,
          chequers_serial_rivers_small_3, chequers_serial_rivers_micro_d,
          ebering_ecumenical_altar_webs, uniq_natasha
D:3:      layout_rooms, jmf_multi_god_temple,
          mainiacjoe_overflow_six_doors_small, serial_shops,
          nicolae_lakefront_shop, st_stairs_14, uniq_robin
D:4:      layout_cave_pods, dk_yredelemnul_ordeal, elyvilon_altar_1,
          minmay_temple_entry_grid
D:5:      layout_loops_ring, fountainhead, minmay_shop_grid_forest

Skill      XL: |  1  2  3  4  5  6  7 |
---------------+----------------------+-----
Unarmed Combat | 4 5 6 8 |  8.1
Fighting       | 4 |  4.6
Dodging        | |  2.6
Stealth        | |  1.7

Action                   |  1- 3 |  4- 6 |  7- 9 || total
-------------------------+-------+-------+-------++-------
Melee: Unarmed           |   133 |   177 |    38 ||   348
       Tailslap          |     8 |    22 |     4 ||    34
       Punch             |     3 |     5 |       ||     8
  Use: Potion            |       |     3 |     3 ||     6
 Stab: Sleeping          |     9 |     5 |       ||    14
Armor: Skin              |    36 |    66 |    16 ||   118
Dodge: Dodged            |    75 |    92 |    38 ||   205

Table legend: (Time is in decaauts)
 A = Elapsed time spent in this place.
 B = Non-inter-level travel time spent in this place.
 C = Inter-level travel time spent in this place.
 D = Time resting spent in this place.
 E = Time spent auto-exploring this place.
 F = Levels seen in this place.
 G = Mean time per level.
                   A        B        C        D        E       F      G
               +--------+--------+--------+--------+--------+-----+--------+
         Total |   5314 |   5195 |    119 |   1002 |   3297 |   5 | 1062.8 |
       Dungeon |   5314 |   5195 |    119 |   1002 |   3297 |   5 | 1062.8 |
               +--------+--------+--------+--------+--------+-----+--------+

Top non-repeatable levels by time:
     D:2: 2128 daAuts
     D:4: 1122 daAuts
     D:3: 917 daAuts
     D:1: 818 daAuts
     D:5: 328 daAuts
